 Dungeon Crawl Stone Soup version 0.18.1-48-g4cf74bf (webtiles) character file.

217 striepan the Conjurer (level 5, 0/28 HPs)
             Began as a Deep Elf Fire Elementalist on Aug 10, 2016.
             Slain by Duvessa
             ... wielding a +1 rapier of flaming
              (15 damage)
             ... on level 4 of the Dungeon.
             The game lasted 00:28:26 (3381 turns).

striepan the Conjurer (Deep Elf Fire Elementalist)  Turns: 3381, Time: 00:28:28

Health: 0/28       AC:  2    Str:  5    XL:     5   Next: 61%
Magic:  9/11       EV: 13    Int: 19    God:
Gold:   151        SH:  0    Dex: 15    Spells: 2 memorised, 7 levels left

rFire  . . .     SeeInvis .     i - +1 short sword
rCold  . . .     Gourm    .     a - +0 robe
rNeg   . . .     Faith    .     (no shield)
rPois  .         Spirit   .     (no helmet)
rElec  .         Dismiss  .     (no cloak)
rCorr  .         Reflect  .     (no gloves)
SustAt .         Harm     .     (no boots)
MR     .....                    (no amulet)
Stlth  ++........               (no ring)
                                p - -2 ring of intelligence (curse)

@: not resistant to hostile enchantments, unstealthy
A: no striking features
a: no special abilities


You were on level 4 of the Dungeon.
You were not hungry.

You visited 1 branch of the dungeon, and saw 4 of its levels.

You collected 151 gold pieces.

Inventory:

Hand Weapons
 i - a +1 short sword (weapon)
Armour
 a - a +0 robe (worn)
 n - a +0 buckler
Jewellery
 p - a cursed -2 ring of intelligence (left hand)
Scrolls
 d - a scroll of fear
 e - a scroll of blinking
 g - 2 scrolls of magic mapping {unknown}
 h - a scroll of amnesia
 q - a scroll of identify {unknown}
Potions
 j - 5 potions of degeneration {unknown}
 k - 3 potions of lignification {unknown}
 m - 3 potions of might {unknown}
 o - a potion of heal wounds {unknown}
Books
 b - a book of Flames

   Spells                             Type                      Level
   a - Flame Tongue                   Conjuration/Fire             1
   b - Throw Flame                    Conjuration/Fire             2
   c - Conjure Flame                  Conjuration/Fire             3
   d - Inner Flame                    Hexes/Fire                   3
   e - Sticky Flame                   Conjuration/Fire             4
   f - Fireball                       Conjuration/Fire             5
Comestibles
 c - 2 bread rations
 f - 3 fruits
 l - a meat ration


   Skills:
 - Level 2.4 Dodging
 - Level 2.4 Stealth
 - Level 3.0 Spellcasting
 - Level 5.1 Conjurations
 + Level 4.8 Fire Magic


You had 7 spell levels left.
You knew the following spells:

 Your Spells              Type           Power        Failure   Level  Hunger
a - Flame Tongue          Conj/Fire      ###..        1%          1    None
x - Throw Flame           Conj/Fire      ###...       3%          2    ##.....


Dungeon Overview and Level Annotations

Branches:
Dungeon (4/15)
 Temple: D:4-7

Altars:
Xom
The Shining One

Annotations:
D:4 Duvessa


Message History

Duvessa is too close now for your liking.
Cast which spell? (? or * to list)
Aiming: Flame Tongue
Press: ? - help, Shift-Dir - straight line, f - Duvessa
Aim: Duvessa, wielding a rapier of flaming (berserk, fast, unusually strong)
The flame tongue hits Duvessa.
Duvessa is lightly wounded.
Duvessa rages.
Casting: Flame Tongue
Confirm with . or Enter, or press ? or * to list all spells.
Aiming: Flame Tongue
Press: ? - help, Shift-Dir - straight line, f/p - Duvessa
Aim: Duvessa, wielding a rapier of flaming (lightly wounded, berserk, fast, unusually strong)
The flame tongue hits Duvessa.
Duvessa is moderately wounded.
Duvessa hits you with a rapier of flaming!
Duvessa burns you.
Duvessa hits you with a rapier of flaming!
Ouch! That really hurt!
You die...

.#<.....'......#.......#.........
.#...####......##....###.........
####+#.....#######'#########'####
.....#.....#...#......#....#....#
.....'.....#...#......+....'....#
.....#.....#...'......#....#....#
...###.....###'########.####.....
...#...........e....# ### ######
...#............@...+
...+............#########
...#...........##..###..#
...#.........<.#.##.##.####
...#............##.##.##._#
...######'###..##.##.##.####
.......#....#..##...#...##.#
.......#....#...#########..#
.......'....#.....#........#


You could see Duvessa (berserk).

Vanquished Creatures
  Dowan (D:4)
  An orc priest (D:3)
  An orc wizard (D:3)
  4 adders
  2 worms
  2 dart slugs
  2 giant geckos
  3 orcs (D:3)
  A ball python (D:2)
  5 bats
  2 giant cockroaches
  11 goblins
  6 hobgoblins
  2 jackals (D:3)
  8 kobolds
  A ball python skeleton (D:4)
  6 giant newts
  7 rats
65 creatures vanquished.

Notes
Turn   | Place    | Note
--------------------------------------------------------------
     0 | D:1      | striepan the Deep Elf Fire Elementalist began the quest for the Orb.
     0 | D:1      | Reached XP level 1. HP: 10/10 MP: 6/6
   194 | D:1      | Reached skill level 2 in Conjurations
   238 | D:1      | Reached XP level 2. HP: 15/15 MP: 5/8
   511 | D:1      | Reached skill level 3 in Conjurations
   870 | D:1      | Reached XP level 3. HP: 19/19 MP: 7/9
   879 | D:1      | Learned a level 2 spell: Throw Flame
  1915 | D:3      | Reached XP level 4. HP: 24/24 MP: 8/10
  1997 | D:3      | Reached skill level 4 in Conjurations
  2374 | D:3      | Reached skill level 5 in Conjurations
  2374 | D:3      | Reached XP level 5. HP: 28/28 MP: 3/11
  2479 | D:3      | Found a glowing golden altar of the Shining One.
  2832 | D:4      | Noticed Duvessa
  2832 | D:4      | Noticed Dowan
  3210 | D:4      | Killed Dowan
  3361 | D:4      | Found a shimmering altar of Xom.
  3381 | D:4      | Slain by Duvessa

Skill      XL: |  1  2  3  4 |
---------------+-------------+-----
Conjurations   | 2 3 5 |  5.1
Fire Magic     | 4 |  4.8
Dodging        | |  2.4
Stealth        | |  2.4
Spellcasting   | |  3.0

Action                   |  1- 3 |  4- 6 || total
-------------------------+-------+-------++-------
 Cast: Flame Tongue      |    68 |    36 ||   104
       Throw Flame       |     4 |    10 ||    14
  Use: Scroll            |       |     7 ||     7
  Eat: Chunk             |     3 |     3 ||     6
       Fruit             |       |     2 ||     2
Armor: Robe              |     2 |     4 ||     6
Dodge: Dodged            |     6 |     6 ||    12
